 Dungeon Crawl Stone Soup version 0.24-a0-582-g4d4af813a0 (webtiles) character file.

Game seed: 15363141707890356174

81 Argons the Grasshopper (level 4, 1/21 HPs)
             Began as a Felid Warper on Aug 26, 2019.
             Quit the game on level 2 of the Dungeon on Aug 27, 2019.
             The game lasted 00:11:30 (2885 turns).

Argons the Grasshopper (Felid Warper)               Turns: 2885, Time: 00:11:30

Health: 1/21       AC:  1    Str: 12    XL:     4   Next: 20%
Magic:  8/8        EV: 18    Int: 19    God:
Gold:   58         SH:  0    Dex: 16    Spells: 3/7 levels left
                                        Lives:  1   Deaths: 0

rFire    . . .     SeeInvis +     - Unarmed
rCold    . . .     Gourm    .   (shield unavailable)
rNeg     . . .     Faith    .   (armour unavailable)
rPois    .         Spirit   .   (helmet unavailable)
rElec    .         Reflect  .   (cloak unavailable)
rCorr    .         Harm     .   (gloves unavailable)
MR       .....                  (boots unavailable)
Stlth    +++.......             (no amulet)
HPRegen  0.07/turn              (no ring)
MPRegen  0.11/turn              (no ring)

@: mighty, brilliant, lethally poisoned (1 -> -3), berserk cooldown, slowed,
slow
A: very small, no armour, no weapons or thrown items, stealth, claws 1, fangs 3,
see invisible, carnivore, speed 1, shaggy fur 1, slow metabolism 1, sharp paws
a: no special abilities


You were on level 2 of the Dungeon.
You were completely stuffed.

You visited 1 branch of the dungeon, and saw 3 of its levels.

You collected 58 gold pieces.

Inventory:

Scrolls
 b - 2 scrolls of blinking
 g - 4 scrolls of magic mapping {unknown}
Potions
 a - 2 potions of haste
 d - a potion of flight
Comestibles
 c - 5 rations
 j - 2 chunks of flesh


   Skills:
 + Level 3.1 Fighting
 - Level 3.2 Dodging
 + Level 3.0 Stealth
 + Level 3.0 Unarmed Combat
 - Level 2.0 Spellcasting
 - Level 4.4 Translocations


You had 3 spell levels left.
You knew the following spells:

 Your Spells              Type           Power        Failure   Level  Hunger
a - Shroud of Golubria    Chrm/Tloc      ###...       1%          2    ###....
b - Blink                 Tloc           N/A          1%          2    ###....

Your spell library contained the following spells:

 Spells                   Type           Power        Failure   Level  Hunger
 Gell's Gravitas          Tloc           ####......   1%          3    ###....
 Lesser Beckoning         Tloc           ####......   1%          3    ###....
 Teleport Other           Tloc           ####....     1%          3    ###....
 Passage of Golubria      Tloc           N/A          3%          4    #####..


Dungeon Overview and Level Annotations

Branches:
Dungeon (3/15)

Altars:

Annotations:
D:3 Grinder


Innate Abilities, Weirdness & Mutations

You cannot wear armour.
You are incapable of wielding weapons or throwing items.
Your paws allow you to move quietly. (Stealth)
You have sharp claws.
You have razor-sharp teeth.
You have supernaturally acute eyesight. (SInv)
You are carnivorous and can eat meat at any time.
You cover ground quickly.
You are covered in fur. (AC +1)
You have a slow metabolism.
Your sharp claws are effective at attacking unaware monsters.


Message History

d - a potion of flight
* * * LOW HITPOINT WARNING * * *
You feel sick.
It was a potion of berserk rage.
A red film seems to cover your vision as you go berserk!
You feel yourself moving faster!
You feel mighty!
You are too berserk!
You feel a strong urge to attack something.
* * * LOW HITPOINT WARNING * * *
You feel sick.
You feel your anger nearly subside.
You are no longer berserk.
You are exhausted.
You feel yourself slow down.
It was a potion of brilliance.
You feel clever all of a sudden.
It was a potion of might.
You feel very mighty all of a sudden.
* * * LOW HITPOINT WARNING * * *
You feel sick.
Are you sure you want to abandon this character and quit the game? (Confirm with "yes".)

####'## .# #.
#...... . .
#...... ## .#. ##
#.....( .......
#...... .#.#.
#.....( ...
#...... #†#
#....).
#@##########.....)
#.................
############....((
#..(... ######. ##


There were no monsters in sight!

Vanquished Creatures
  2 adders (D:2)
  An ooze (D:1)
  2 dart slugs (D:1)
  An orc (D:2)
  2 ball pythons (D:1)
  2 giant cockroaches
  5 goblins
  10 hobgoblins
  4 jackals (D:2)
  2 quokkas
  6 bats
  3 frilled lizards
  5 kobolds
  6 rats
51 creatures vanquished.

Notes
Turn   | Place    | Note
-------+----------+-------------------------------------------
     0 | D:1      | Argons the Felid Warper began the quest for the Orb.
     0 | D:1      | Reached XP level 1. HP: 9/9 MP: 4/4
    63 | D:1      | Reached skill level 1 in Stealth
   107 | D:1      | Reached XP level 2. HP: 5/13 MP: 6/6
  1211 | D:1      | Reached XP level 3. HP: 16/16 MP: 7/7
  1405 | D:1      | Learned a level 2 spell: Shroud of Golubria
  1408 | D:1      | Learned a level 2 spell: Blink
  2689 | D:3      | Noticed Grinder
  2748 | D:3      | Reached XP level 4. HP: 21/21 MP: 8/8
  2884 | D:2      | HP: 1/21 [poisoned by an adder]
  2885 | D:2      | Quit the game

Levels and vault maps discovered:
D:1:      dpeg_arrival_line_fractal, layout_loops_ring
D:2:      minmay_spotlight, layout_basic
D:3:      layout_basic, uniq_grinder

Skill      XL: |  1  2  3  4 |
---------------+-------------+-----
Stealth        | 1 2 3 |  3.0
Fighting       | 3 |  3.1
Unarmed Combat | 3 |  3.0
Dodging        | |  3.2
Spellcasting   | |  2.0
Translocations | |  4.4

Action                   |  1- 3 |  4- 6 || total
-------------------------+-------+-------++-------
Melee: Unarmed           |   136 |    30 ||   166
       Bite              |    12 |     2 ||    14
       Punch             |       |     1 ||     1
 Cast: Shroud of Golubri |     1 |     1 ||     2
  Use: Scroll            |     3 |     1 ||     4
       Potion            |       |     3 ||     3
 Stab: Sleeping          |    10 |       ||    10
  Eat: Chunk             |    11 |       ||    11
Armor: Skin              |    11 |     2 ||    13
Dodge: Dodged            |    95 |    37 ||   132

Table legend:
 A = Non-vault XP
 B = Vault XP
 C = Vault XP percentage of total XP
 D = Non-vault monster count
 E = Vault monster count
 F = Vault count percentage of total count
                 A         B        C        D         E       F
            +---------+---------+-------+---------+---------+-------
      Total |      91 |      26 |  22.2 |      49 |       2 |   3.9
            +---------+---------+-------+---------+---------+-------
        D:1 |      49 |       0 |   0.0 |      23 |       0 |   0.0
        D:2 |      34 |      26 |  43.3 |      21 |       2 |   8.7
        D:3 |       8 |       0 |   0.0 |       5 |       0 |   0.0
            +---------+---------+-------+---------+---------+-------
